 Dungeon Crawl Stone Soup version 0.17-a0-1596-g1e86911 (webtiles) character file.

13852 urechis the Destroyer (level 12, -7/70 HPs)
             Began as a Gargoyle Wizard on July 30, 2015.
             Was a High Priest of Vehumet.
             Mangled by Duffy's ghost (19 damage)
             ... on level 1 of the Lair of Beasts.
             The game lasted 01:07:49 (15623 turns).

urechis the Destroyer (Gargoyle Wizard)            Turns: 15623, Time: 01:07:49

Health: -7/70      AC: 15    Str: 12    XL:     12   Next: 10%
Magic:  21/21      EV:  8    Int: 23    God:    Vehumet [*****.]
Gold:   684        SH:  0    Dex:  8    Spells: 9 memorised, 0 levels left

rFire  + . .     SeeInvis .     a - +3 dagger (venom)
rCold  + . .     Clarity  .     g - +2 robe {rC+ rF+}
rNeg   + . .     SustAt   .     (no shield)
rPois  ∞         Gourm    .     H - +0 helmet
rElec  +         Spirit   .     (no cloak)
rCorr  .         Warding  .     (no gloves)
rMut   .         Stasis   .     h - +0 pair of boots
MR     .....                    (no amulet)
Stlth  ++........               w - ring of invisibility
                                E - ring of wizardry

@: very slightly contaminated, starving, repel missiles, not resistant to
hostile enchantments, unstealthy
A: negative energy resistance 1, electricity resistance, unbreathing,
petrification resistance, rot immunity, AC +8
a: Renounce Religion, Evoke Invisibility


You were on level 1 of the Lair of Beasts.
You worshipped Vehumet.
Vehumet was extremely pleased with you.
You were starving.

You visited 3 branches of the dungeon, and saw 14 of its levels.
You also visited: Sewer.

You collected 684 gold pieces.

Inventory:

Hand weapons
 a - a +3 dagger of venom (weapon)
 C - a +0 quarterstaff of electrocution
Armour
 g - a +2 robe of resistance (worn)
 h - a +0 pair of boots (worn)
 H - a +0 helmet (worn)
Jewellery
 b - a cursed ring of teleportation {unknown}
 e - an uncursed ring of protection from magic
 w - a ring of invisibility (right hand)
 E - a ring of wizardry (left hand)
 F - an uncursed ring of positive energy
 K - an uncursed ring of protection from cold {unknown}
Magical devices
 l - a wand of digging (15)
 y - a wand of hasting (3)
Scrolls
 m - 4 scrolls of immolation
 o - 2 scrolls of enchant armour
 p - 5 scrolls of blinking
 r - 3 scrolls of enchant weapon
 s - 5 scrolls of teleportation
 v - 3 scrolls of recharging
 A - a scroll of remove curse
 I - a scroll of fog
Potions
 f - a potion of agility
 j - a potion of might {unknown}
 k - 3 potions of heal wounds
 n - 2 potions of invisibility {unknown}
 t - 2 potions of brilliance
 u - a potion of poison {unknown}
 x - a potion of lignification {unknown}
 B - a potion of cancellation {unknown}
 D - a potion of degeneration {unknown}
Books
 c - a book of Minor Magic

   Spells                             Type                      Level
   a - Magic Dart                     Conjuration                  1
   b - Blink                          Translocation                2
   c - Call Imp                       Summoning                    2
   d - Repel Missiles                 Charms/Air                   2
   e - Slow                           Hexes                        2
   f - Conjure Flame                  Conjuration/Fire             3
   g - Mephitic Cloud                 Conjuration/Poison/Air       3
 G - a book of the Earth

   Spells                             Type                      Level
   a - Leda's Liquefaction            Hexes/Earth                  4
   b - Bolt of Magma                  Conjuration/Fire/Earth       5
   c - Statue Form                    Transmutation/Earth          6
   d - Iron Shot                      Conjuration/Earth            6
   e - Shatter                        Earth                        9
 J - a book of Burglary

   Spells                             Type                      Level
   a - Swiftness                      Charms/Air                   2
   b - Passwall                       Transmutation/Earth          3
   c - Passage of Golubria            Translocation                4
   d - Lee's Rapid Deconstruction     Earth                        5
   e - Darkness                       Hexes                        6
   f - Invisibility                   Hexes                        6
Comestibles
 d - 8 bread rations
 i - 3 fruits
 q - 5 meat rations
 z - 2 slices of pizza


   Skills:
 - Level 6.0 Fighting
 * Level 5.0 Staves
 - Level 6.0 Armour
 + Level 5.4 Dodging
 - Level 2.1 Stealth
 + Level 6.6 Spellcasting
 + Level 9.5 Conjurations
 - Level 0.8 Summonings
 - Level 0.8 Translocations
 + Level 6.6 Fire Magic
 + Level 5.2 Air Magic
 + Level 5.6 Evocations


You couldn't memorise any spells.
You knew the following spells:

 Your Spells              Type           Power        Failure   Level  Hunger
a - Magic Dart            Conj           ####         1%          1    None
b - Conjure Flame         Conj/Fire      #####...     1%          3    None
c - Mephitic Cloud        Conj/Pois/Air  ####....     1%          3    None
d - Repel Missiles        Chrm/Air       ###...       1%          2    None
e - Shock                 Conj/Air       ####         1%          1    None
f - Blink                 Tloc           N/A          4%          2    None
g - Call Imp              Summ           ##......     4%          2    None
h - Ignite Poison         Fire/Trmt/Pois ###.....     1%          3    None
i - Orb of Destruction    Conj           ######....   30%         7    #######


Dungeon Overview and Level Annotations

Branches:
Dungeon (11/15)            Temple (1/1) D:6            Lair (2/8) D:8
    Orc: D:9-12

Altars:
Ashenzari
Cheibriados
Dithmenos
Elyvilon
Fedhas
Gozag
Kikubaaqudgha
Makhleb
Nemelex Xobeh
Okawaru
Qazlal
Ru
Sif Muna
Trog
Vehumet
Xom
Yredelemnul
Zin
The Shining One

Shops:
D:10 !

Portals:
Trove: D:10 (show slimy rune of Zot)

Annotations:
D:9 Gastronok
Lair:1 Duffy's ghost, powerful HOGl
Lair:2 Erica


Innate Abilities, Weirdness & Mutations

You are resistant to torment.
Your stone body is resilient (AC +8).
You are immune to poison.
You resist negative energy.
You are resistant to electric shocks.
You can survive without breathing.
You are immune to petrification.
You are immune to rotting.


Message History

Duffy's ghost hits you!
* * * LOW HITPOINT WARNING * * *
The black bear bites you but does no damage.
The black bear claws you but does no damage. x2
Duffy's ghost hits you but does no damage.
The black bear bites you but does no damage.
The black bear claws you but does no damage.
The black bear claws you.
* * * LOW HITPOINT WARNING * * *
You can move again.
The black bear bites you but does no damage.
The black bear claws you.
* * * LOW HITPOINT WARNING * * *
The black bear claws you but does no damage.
The black bear completely misses you.
The black bear claws you but does no damage.
The black bear barely misses you.
There is a staircase back to the Dungeon here.
Duffy's ghost hits you!!
You die...

## #####..#...........###.. ###
#..............###.. #.###
##..............###. #...####
##..............# ## ......P#
##................ # .......#
#................. # .....#.###
#.................
.....#...#####.[.............. #
.....'.....###..@............. #
.............##.Wh............ ##
.........8...###.............. #P
........†.....##............# ##.
.....####....).##.........## #..
.....####....8.....####.### #..
.#...............#..8.### ####..
..#..............#.....#####.....
........8..8.>.8.'..>.8#.#......#


You could see a black bear and Duffy's ghost.

Vanquished Creatures
  A hydra (Lair:2)
  An unseen horror (D:10)
  A hill giant (D:11)
  A manticore (D:10)
  A cyclops (D:11)
  A spiny frog (Lair:1)
  Psyche (D:9)
  Grinder (D:3)
  A two-headed ogre (D:10)
  5 blink frogs (Lair:1)
  The ghost of utis the Conjurer, an average TeAE (D:4)
  Sigmund (D:2)
  4 yaks (D:8)
  A wyvern (D:11)
  3 hungry ghosts
  2 hippogriffs
  A soldier ant (D:10)
  5 wolves (Lair:1)
  2 water moccasins
  Duvessa (D:5)
  5 orc warriors (D:10)
  An ice beast (D:10)
  8 ogres
  A sky beast (D:10)
  A necrophage (D:9)
  An eye of draining (D:9)
  3 porcupines (Lair:1)
  3 crocodiles (Lair:1)
  5 centaurs
  7 giant frogs
  8 big kobolds
  Dowan (D:5)
  A scorpion (D:4)
  8 wights
  8 killer bees (D:10)
  A giant frog zombie (D:10)
  7 crimson imps
  A centaur zombie (D:9)
  8 hounds
  A quasit (D:8)
  3 centaur skeletons
  8 orc priests
  Ijyb (D:3)
  7 jellies
  8 orc wizards
  A gnoll shaman (D:4)
  14 worker ants
  2 iguanas
  Natasha (thrice) (D:3 D:5)
  A killer bee zombie (D:10)
  A hound zombie (D:7)
  3 hound skeletons
  14 adders
  9 gnolls
  9 river rats
  6 oozes
  6 worms
  3 adder skeletons
  14 giant geckos
  39 orcs
  7 ball pythons
  8 bats
  10 giant cockroaches
  10 goblins
  8 hobgoblins
  4 jackals (D:7)
  14 kobolds
  3 quokkas
  8 giant newts
  A jackal zombie (D:6)
  A quokka skeleton (D:4)
  19 rats
  A sheep (D:7)
  4 fungi (D:8)
364 creatures vanquished.

Vanquished Creatures (others)
  2 fungi (Lair:1)
2 creatures vanquished.

Grand Total: 366 creatures vanquished

Notes
Turn   | Place    | Note
--------------------------------------------------------------
     0 | D:1      | urechis the Gargoyle Wizard began the quest for the Orb.
     0 | D:1      | Reached XP level 1. HP: 10/10 MP: 4/4
   625 | D:1      | Reached XP level 2. HP: 13/15 MP: 1/6
  1068 | D:1      | Reached XP level 3. HP: 19/19 MP: 5/7
  1584 | D:2      | Found an ancient bone altar of Kikubaaqudgha.
  1592 | D:2      | Found a radiant altar of Vehumet.
  1694 | D:2      | Found a burning altar of Makhleb.
  1697 | D:2      | Became a worshipper of Vehumet
  1706 | D:2      | Noticed Sigmund
  1919 | D:2      | Reached skill level 4 in Conjurations
  2240 | D:2      | Reached XP level 4. HP: 17/24 MP: 6/8
  2529 | D:2      | Found an iron altar of Okawaru.
  3172 | D:2      | Learned a level 3 spell: Conjure Flame
  3176 | D:2      | Learned a level 3 spell: Mephitic Cloud
  3179 | D:2      | Learned a level 2 spell: Repel Missiles
  3254 | D:3      | Noticed Natasha
  3275 | D:3      | Killed Natasha
  3275 | D:3      | Reached skill level 5 in Conjurations
  3275 | D:3      | Reached XP level 5. HP: 24/28 MP: 0/9
  3383 | D:3      | Noticed Grinder
  3506 | D:3      | Acquired Vehumet's first power
  3506 | D:3      | Offered knowledge of Flame Tongue by Vehumet.
  3701 | D:3      | Noticed Ijyb
  3723 | D:3      | Killed Ijyb
  3813 | D:3      | Reached skill level 6 in Conjurations
  3863 | D:3      | Reached XP level 6. HP: 23/33 MP: 8/10
  4238 | D:4      | Reached skill level 1 in Fighting
  4238 | D:4      | Reached skill level 1 in Armour
  4359 | D:4      | Reached XP level 7. HP: 33/40 MP: 6/11
  4395 | D:4      | Noticed utis's ghost (average TeAE)
  4410 | D:4      | Killed utis's ghost
  4410 | D:4      | Reached skill level 1 in Fire Magic
  4410 | D:4      | Reached skill level 1 in Evocations
  4842 | D:4      | Reached skill level 1 in Air Magic
  4908 | D:4      | Reached XP level 8. HP: 44/46 MP: 6/13
  4946 | D:4      | Found a shattered altar of Ashenzari.
  4979 | D:4      | Offered knowledge of Shock by Vehumet.
  4983 | D:4      | Learned a level 1 spell: Shock
  4986 | D:4      | Learned a level 2 spell: Blink
  4989 | D:4      | Learned a level 2 spell: Call Imp
  5587 | D:3      | Killed Grinder
  5691 | D:2      | Found a burning altar of Makhleb.
  5693 | D:2      | Found a radiant altar of Vehumet.
  5704 | D:2      | Found an iron altar of Okawaru.
  6083 | D:2      | Killed Sigmund
  6363 | D:5      | Entered Level 5 of the Dungeon
  6460 | D:5      | Reached skill level 7 in Conjurations
  6496 | D:5      | Found a glowing drain.
  6510 | D:5      | Offered knowledge of Inner Flame by Vehumet.
  6549 | Sewer    | Entered a sewer
  6748 | Sewer    | Acquired Vehumet's second power
  6819 | Sewer    | Reached XP level 9. HP: 52/52 MP: 8/15
  7129 | D:5      | Reached skill level 5 in Fighting
  7133 | D:5      | Noticed Natasha
  7141 | D:5      | Killed Natasha
  7154 | D:5      | Noticed Dowan
  7166 | D:5      | Noticed Duvessa
  7173 | D:5      | Killed Dowan
  7183 | D:5      | Killed Duvessa
  7205 | D:5      | Noticed Natasha
  7207 | D:5      | Killed Natasha
  7435 | D:5      | Reached skill level 5 in Armour
  7527 | D:5      | Offered knowledge of Ignite Poison by Vehumet.
  7548 | D:5      | Found a basalt altar of Yredelemnul.
  7716 | D:6      | Found a staircase to the Ecumenical Temple.
  7727 | Temple   | Entered the Ecumenical Temple
  8166 | D:6      | Found a deep blue altar of Sif Muna.
  8950 | D:7      | Found a shimmering altar of Xom.
  8973 | D:7      | Acquired Vehumet's third power
  9187 | D:7      | Reached XP level 10. HP: 43/60 MP: 13/17
  9252 | D:7      | Learned a level 3 spell: Ignite Poison
  9312 | D:7      | Offered knowledge of Iskenderun's Mystic Blast by Vehumet.
 10179 | D:8      | Found a staircase to the Lair.
 10293 | D:8      | Reached skill level 5 in Spellcasting
 10306 | D:8      | Reached skill level 8 in Conjurations
 10567 | D:9      | Noticed Gastronok
 10567 | D:9      | Noticed Psyche
 10578 | D:9      | Killed Psyche
 11093 | D:9      | HP: 2/60 [Gastronok (15)]
 11479 | D:10     | Entered Level 10 of the Dungeon
 11497 | D:10     | Reached skill level 5 in Fire Magic
 11644 | D:10     | Killed an unseen horror
 11691 | D:10     | Found a portal to a secret trove of treasure.
 11801 | D:10     | Reached XP level 11. HP: 59/64 MP: 13/19
 11803 | D:10     | Reached skill level 1 in Staves
 11833 | D:10     | Noticed a manticore
 11850 | D:10     | Killed a manticore
 12368 | D:10     | Offered knowledge of Orb of Destruction by Vehumet.
 12595 | D:10     | Found Nemic's Distillery.
 12611 | D:10     | Reached skill level 5 in Evocations
 12950 | D:10     | Reached skill level 9 in Conjurations
 13193 | D:11     | Noticed a hill giant
 13377 | D:11     | Killed a hill giant
 13377 | D:11     | Reached skill level 5 in Dodging
 13560 | D:11     | Found a shadowy altar of Dithmenos.
 14155 | Lair:1   | Entered Level 1 of the Lair of Beasts
 14214 | Lair:1   | Reached skill level 5 in Air Magic
 14343 | Lair:1   | Noticed Duffy's ghost (powerful HOGl)
 14978 | Lair:1   | Reached XP level 12. HP: 56/70 MP: 16/21
 14987 | Lair:1   | Learned a level 7 spell: Orb of Destruction
 15167 | Lair:2   | Noticed a four-headed hydra
 15182 | Lair:2   | Noticed Erica
 15182 | Lair:2   | Killed a four-headed hydra
 15182 | Lair:2   | Reached skill level 5 in Staves
 15623 | Lair:1   | Mangled by Duffy's ghost

Vault maps used:
D:1:      dpeg_arrival_circle_labyrinth_c
D:2:      grunt_temple_overflow_open, okawaru_metal_pillars_1_2,
          minmay_misc_feat_encased, uniq_sigmund
D:3:      kennysheep_pointless_box, uniq_natasha, uniq_iyjb, uniq_grinder
D:4:      old_standard_altar, hangedman_decor_growths
D:5:      yredelemnul_altar_generic, portal_sewer_entry_f, first_bread,
          uniq_duvessa
D:6:      lemuel_coloured_pillars_altar, minmay_temple_entry_trees
D:7:      eino_tiny_chamber, dk_xom_monty_hall
D:8:      dpeg_oklobed_lair
D:9:      uniq_gastronok, uniq_psyche
D:10:     serial_glass, glass_columns_a, glass_columns_a,
          nicolae_trove_entry_crossroad, serial_shops, kennysheep_mini_moat
D:11:     nicolae_dithmenos_the_darkroom
Temple:   zaba_magenta_temple_12
Lair:1:   grunt_megastairs_3, infiniplex_staircase_pool_2
Lair:2:   lemuel_reptile_caves, grunt_megastairs_4, uniq_erica
Sewer:    sewer_co_tree

Action                   |  1- 3 |  4- 6 |  7- 9 | 10-12 || total
-------------------------+-------+-------+-------+-------++-------
Melee: Unarmed           |    20 |       |       |       ||    20
       Dagger            |    68 |    78 |   291 |   508 ||   945
 Cast: Magic Dart        |    94 |   128 |   271 |   256 ||   749
       Mephitic Cloud    |       |     2 |    15 |    27 ||    44
       Conjure Flame     |       |       |     1 |     5 ||     6
       Repel Missiles    |       |       |     1 |     1 ||     2
       Ignite Poison     |       |       |       |    38 ||    38
       Call Imp          |       |       |       |     1 ||     1
       Shock             |       |       |       |    15 ||    15
 Abil: Evoke Invisibilit |       |       |       |     1 ||     1
  Use: Scroll            |       |     5 |     7 |     6 ||    18
       Potion            |       |       |       |     2 ||     2
 Stab: Sleeping          |     1 |     1 |     1 |     2 ||     5
       Confused          |       |     1 |     5 |     3 ||     9
  Eat: Chunk             |     3 |     8 |    16 |    22 ||    49
       Fruit             |       |       |     1 |     1 ||     2
